 Dungeon Crawl Stone Soup version 0.20.1-1-g8b1a95d (webtiles) character file.

1426556 dstrtn the Maledictor (level 26, 202/211 HPs)
             Began as a Vampire Enchanter on Dec 8, 2017.
             Was the Champion of Ru.
             Escaped with the Orb
             ... and 3 runes on Dec 9, 2017!
             The game lasted 10:43:49 (98047 turns).

dstrtn the Maledictor (Vampire Enchanter)          Turns: 98047, Time: 10:43:50

Health: 202/211    AC: 20    Str: 11    XL:     26   Next: 26%
Magic:  45/60      EV: 30    Int: 29    God:    Ru [******]
Gold:   119        SH:  0    Dex: 15    Spells: 1/59 levels left

rFire    + . .     SeeInvis +   w - staff of power
rCold    + + +     Gourm    .   (shield unavailable)
rNeg     + + +     Faith    .   C - +6 leather armour of Loss {+Blink rPois MR+}
rPois    ∞         Spirit   .   p - +3 hat of Pondering {ponderous, MR+ MP+10 Int+5}
rElec    +         Reflect  .   R - +1 cloak of Starlight {rElec rC+ EV+4 Stlth--}
rCorr    .         Harm     .   m - +2 pair of gloves {Str+3}
MR       +++++                  M - +2 pair of boots {run}
Stlth    +++.......             t - amulet of regeneration
Regen    0.0/turn               (ring unavailable)
MPRegen  0.4/turn               b - ring of protection from fire

@: darkness, bloodless, non-regenerating, drained
A: fangs 3, hooves 1, see invisible, clumsy 1, deformed body, low mp 2, magic
resistance 1, mutation resistance 1, weak 1, unbreathing, missing a hand,
inability to use devices, no conjurations magic, no poison magic, no
transmutations magic, MP-powered wands, missing an eye, sturdy frame 1
0: Orb of Zot
}: 3/15 runes: serpentine, barnacled, slimy
a: Bat Form, Draw Out Power, Power Leap, Apocalypse, Renounce Religion


You escaped.
You worshipped Ru.
Ru was exalted by your worship.
You were bloodless.

You visited 12 branches of the dungeon, and saw 56 of its levels.
You also visited: Sewer and Ice Cave.

You collected 7159 gold pieces.
You spent 7040 gold pieces at shops.

Inventory:

Hand Weapons
 q - a +9 quick blade of draining
Missiles
 H - 8 throwing nets (quivered) {!f}
Armour
 g - +0 fire dragon scales
 m - a +2 pair of gloves of strength (worn)
 p - the +3 hat of Pondering (worn) {ponderous, MR+ MP+10 Int+5}
   (You took it off Gastronok on level 1 of the Orcish Mines)

   It affects your intelligence (+5).
   It affects your resistance to hostile enchantments.
   It affects your magic capacity (+10).
 u - a +2 helmet
 x - a +2 cloak of poison resistance
 C - the +6 leather armour of Loss (worn) {+Blink rPois MR+}
   (You found it on level 14 of the Dungeon)

   It protects you from poison.
   It affects your resistance to hostile enchantments.
   It lets you blink.
 M - a +2 pair of boots of running (worn)
 R - the +1 cloak of Starlight (worn) {rElec rC+ EV+4 Stlth--}
   (You found it on level 3 of the Elven Halls)

   It affects your evasion (+4).
   It protects you from cold.
   It insulates you from electricity.
   It makes you much less stealthy.
Magical Staves
 w - an uncursed staff of power (weapon)
 X - an uncursed staff of wizardry
Jewellery
 b - a ring of protection from fire (right hand)
 t - an amulet of regeneration (around neck)
 y - a +5 ring of protection
 F - an uncursed ring of wizardry
 T - the amulet of Xom's Recklessness {rPois Regen+ Str+8 Dex-5}
   (You found it on level 3 of the Crypt)

   [amulet of regeneration]

   It affects your strength (+8).
   It affects your dexterity (-5).
   It protects you from poison.
   It increases your rate of regeneration.
Scrolls
 d - 12 scrolls of teleportation
 e - 4 scrolls of amnesia
 f - a scroll of summoning
 j - 8 scrolls of fog
 l - 27 scrolls of remove curse
 r - 11 scrolls of identify
 v - 6 scrolls of fear
 B - 4 scrolls of blinking
 K - 6 scrolls of immolation
 O - a scroll of noise
 U - 3 scrolls of torment
 V - 4 scrolls of silence
Potions
 a - 8 potions of blood
 c - 3 potions of haste
 h - 5 potions of mutation
 i - 2 potions of heal wounds
 n - 10 potions of might
 o - 14 potions of flight
 D - 4 potions of berserk rage
 E - 7 potions of cancellation
 G - 3 potions of agility
 I - 3 potions of invisibility
 J - 4 potions of magic
 N - a potion of curing
 S - 3 potions of brilliance
 W - 2 potions of resistance
Books
 s - a book of Battle

   Spells                             Type                      Level
   a - Infusion                       Charms                       1
   b - Shroud of Golubria             Charms/Translocation         2
   c - Song of Slaying                Charms                       2
   d - Spectral Weapon                Hexes/Charms                 3
   e - Regeneration                   Charms/Necromancy            3
 L - Kacwigge's Disquisition on Spatial Feathers
   (You found it on level 3 of the Crypt)

   Spells                             Type                      Level
   a - Blink                          Translocation                2
   b - Summon Forest                  Summoning/Translocation      5
   c - Freezing Cloud                 Conjuration/Ice/Air          6
   d - Malign Gateway                 Summoning/Translocation      7
 P - a book of Unlife

   Spells                             Type                      Level
   a - Recall                         Summoning/Translocation      3
   b - Animate Dead                   Necromancy                   4
   c - Control Undead                 Necromancy                   4
   d - Cigotuvi's Embrace             Necromancy                   5
   e - Death Channel                  Necromancy                   6
   f - Simulacrum                     Ice/Necromancy               6
 Q - Teckadgh's Incunabulum of Unstable Weightlessness
   (You found it on level 3 of the Elven Halls)

   Spells                             Type                      Level
   a - Apportation                    Translocation                1
   b - Lesser Beckoning               Translocation                3
   c - Summon Lightning Spire         Summoning/Air                4
   d - Conjure Ball Lightning         Conjuration/Air              6
   e - Dispersal                      Translocation                6
 Z - a book of Enchantments

   Spells                             Type                      Level
   a - Cause Fear                     Hexes                        4
   b - Yara's Violent Unravelling     Hexes/Transmutation          5
   c - Silence                        Hexes/Air                    5
   d - Deflect Missiles               Charms/Air                   6
   e - Discord                        Hexes                        8


   Skills:
 + Level 18.3(16.8) Fighting
 - Level 10.0(8.7) Short Blades
 - Level 10.0(8.7) Armour
 - Level 21.6(20.0) Dodging
 - Level 22.3(20.7) Stealth
 - Level 17.0(15.5) Spellcasting
 - Level 24.0(22.3) Hexes
 - Level 18.0(16.5) Summonings
 - Level 11.0(9.7) Translocations
 - Level 2.0(1.0) Ice Magic
 - Level 5.0(4.0) Air Magic


You had one spell level left.
You knew the following spells:

 Your Spells              Type           Power        Failure   Level  Hunger
a - Dispersal             Tloc           ######....   6%          6    ###....
c - Confuse               Hex            ########     0%          3    None
d - Darkness              Hex            ########..   1%          6    ###....
i - Invisibility          Hex            ########     1%          6    ###....
l - Blink                 Tloc           N/A          1%          2    None
m - Malign Gateway        Summ/Tloc      #######...   9%          7    #####..
o - Ozocubu's Armour      Chrm/Ice       ####....     5%          3    None
x - Shadow Creatures      Summ           N/A          1%          6    ###....
z - Summon Lightning Spi  Summ/Air       ######..     1%          4    None
D - Discord               Hex            ########..   1%          8    ######.
S - Summon Hydra          Summ           #######...   1%          7    #####..


Dungeon Overview and Level Annotations

Branches:
Dungeon (15/15)            Temple (1/1) D:4            Lair (6/6) D:10
 Shoals (4/4) Lair:4        Snake (4/4) Lair:2        Slime (5/5) Lair:5
    Orc (2/2) D:9             Elf (3/3) Orc:2        Vaults (3/5) D:13
  Crypt (3/3) Vaults:3       Tomb (0/3) Crypt:3      Depths (5/5) D:15
    Zot (5/5) Depths:5

Altars:
Ashenzari
Cheibriados
Dithmenos
Elyvilon
Fedhas
Gozag
Hepliaklqana
Kikubaaqudgha
Makhleb
Nemelex Xobeh
Okawaru
Qazlal
Ru
Sif Muna
Trog
Uskayaw
Vehumet
Xom
Yredelemnul
Zin
The Shining One
Beogh
Jiyva

Shops:
D:5 }   D:6 *   D:7 [   D:12 ?   D:15 }   Orc:2 (:*[   Elf:3 }   Shoals:2 !
Vaults:1 ![(*   Vaults:3 =   Zot:5 *   Depths:1 [=%!

Portals:
Hell: Depths:1 Depths:2 Depths:3 Depths:4 Depths:5
Abyss: Depths:3 Depths:4
Pandemonium: Depths:1 Depths:3 Depths:4 Depths:5
Ziggurat: Depths:4
Trove: D:14 (give 16 scrolls of teleportation)

Annotations:
D:3 Kingsmith's ghost, amateur GrFi
D:9 exclusion: downstairs
D:14 exclusion: downstairs
Lair:5 exclusion: oklob plant
Snake:4 Bai Suzhen
Elf:2 Nikola
Zot:4 exclusion: downstairs


Innate Abilities, Weirdness & Mutations

You do not heal naturally.
You are immune to poison.
You have razor-sharp teeth.
You have supernaturally acute eyesight. (SInv)
You can survive without breathing.
You are missing a hand.
You cannot study or use magical devices.
You cannot study or cast Conjurations magic.
You cannot study or cast Poison magic.
You cannot study or cast Transmutations magic.
You are missing an eye, making it more difficult to aim.
You have large cloven feet.
You are clumsy. (Dex -2)
Armour fits poorly on your strangely shaped body.
Your magical capacity is very low. (-20% MP)
You are resistant to hostile enchantments. (MR+)
You are somewhat resistant to further mutation.
You are weak. (Str -2)
You expend magic power (3 MP) to strengthen your wands.
Your movements are slightly less encumbered by armour. (ER -2)


Message History

You feel better.
Your 11-headed hydra disappears in a puff of smoke!
You feel better.
Your 12-headed hydra disappears in a puff of smoke!
You start resting.
A rust devil comes into view.
The rust devil screeches!
You climb upwards.
Level annotation: Kingsmith's ghost, amateur GrFi
There is a stone staircase leading down here.
Casting: Summon Hydra
Confirm with . or Enter, or press ? or * to list all spells.
It gets dark.
There is an escape hatch in the ceiling here.
A mysterious force pulls you upwards. The hatch slams shut behind you.
There is an escape hatch in the ceiling here.
A mysterious force pulls you upwards. The hatch slams shut behind you.
There is a staircase leading out of the dungeon here.
There is a staircase leading out of the dungeon here.
You have escaped!

.####............##..........###.
...#>......##....##....##.....##.
.#.........##..........##........
......##.........................
#.....##...................##....
##.........................##....
..........)......................
....##...........................
....##..........@...........##...
............................##...
.................................
.....##..........................
.÷...##...................##.....
.#........................##.....
.#.......##..........##..........
.###.....##....##....##..........
####...........##..............##


There were no monsters in sight!

Vanquished Creatures
  the Royal Jelly (Slime:5)
  3 ancient liches
  A Killer Klown (Zot:5)
  Xtahua (Crypt:2)
  4 golden dragons
  the Enchantress (Depths:1)
  2 electric golems (Zot:5)
  Jorgrun (Depths:4)
  3 tentacled monstrosities
  2 liches
  Asterion (Vaults:2)
  A shard shrike skeleton (Crypt:1)
  2 deep elf blademasters (Elf:3)
  2 Orb Guardians (Zot:5)
  7 acid blobs
  An ancient champion (Crypt:2)
  7 death cobs
  An Executioner (D:11)
  2 deep elf master archers (Elf:3)
  Frances (D:13)
  Gastronok (Orc:1)
  A tengu reaver (Depths:1)
  7 storm dragons
  A draconian monk (Zot:4)
  3 shadow dragons
  Agnes (D:15)
  Donald (Elf:3)
  5 nagarajas
  2 vault wardens
  8 azure jellies
  6 frost giants
  A ghost moth (Zot:1)
  2 deep elf sorcerers
  3 fire giants
  2 draconian knights (Zot:2)
  3 draconian scorchers
  Aizul (Depths:3)
  5 ghouls
  3 draconian stormcallers
  An orc warlord (Orc:2)
  2 deep elf elementalists (Elf:3)
  10 stone giants
  A curse skull (Crypt:3)
  3 draconian shifters (Zot:2)
  2 draconian annihilators
  6 ironheart preservers
  3 very ugly things
  A caustic shrike skeleton (Depths:3)
  2 entropy weavers (Vaults:2)
  2 spriggan defenders
  8 vampire knights
  2 large abominations
  3 deep elf demonologists (Elf:3)
  5 white draconians
  5 green draconians
  8 yellow draconians
  10 black draconians
  8 red draconians
  6 merfolk javelineers
  6 spark wasps
  4 purple draconians
  3 eidola (Crypt:3)
  10 ettins
  5 death oozes (Slime:5)
  3 jiangshi
  A quicksilver dragon zombie (Crypt:3)
  10 fire dragons
  Josephine (D:15)
  3 deep elf death magi
  Fannar (Lair:1)
  4 ogre magi
  5 great orbs of eyes
  9 merfolk impalers
  Harold (Lair:4)
  A deep elf high priest (Elf:3)
  7 yaktaur captains
  A hydra (D:15)
  Erolcha (D:8)
  3 rakshasas
  14 naga warriors
  9 ice dragons
  A monstrous demonspawn (Depths:5)
  6 vault guards
  A spriggan air mage (Depths:1)
  3 alligator snapping turtles
  14 anacondas
  Erica (D:11)
  4 death knights
  10 centaur warriors
  6 merfolk aquamancers
  A catoblepas (D:13)
  5 satyrs
  24 two-headed ogres
  4 deep troll shamans
  5 death yaks
  2 deep troll earth magi
  7 tengu warriors
  5 vampire magi
  Urug (Orc:1)
  3 orc high priests
  15 dancing weapons
  3 spriggan berserkers
  4 shock serpents
  15 naga sharpshooters
  2 soul eaters
  The ghost of AGinkyLinky the Basher, a novice MiBe of Trog (D:6)
  14 deep elf knights
  Nergalle (Orc:2)
  A titan skeleton (Crypt:1)
  20 skeletal warriors
  4 hell knights (Depths:5)
  2 iron trolls (Depths:4)
  3 salamander mystics
  2 sixfirhies
  2 shadow wraiths (Vaults:2)
  14 sea snakes
  4 glowing orange brains
  A swamp dragon (shapeshifter) (Vaults:3)
  A storm dragon skeleton (Crypt:1)
  A shadow demon (Depths:4)
  An unseen horror (shapeshifter) (Vaults:1)
  13 deep trolls
  A flayed ghost (Depths:3)
  2 unseen horrors
  3 torturous demonspawn
  A quicksilver dragon simulacrum (Depths:3)
  15 deep elf archers
  7 naga ritualists
  2 ironbrand convokers (Vaults:2)
  6 wizards
  2 anaconda skeletons
  5 phantasmal warriors
  8 harpies
  2 stone giant zombies (Crypt:3)
  2 wolf spider zombies
  11 orc knights
  A tengu zombie (Depths:2)
  An orb spider (shapeshifter) (Elf:1)
  9 mana vipers
  11 necromancers
  4 wolf spiders
  19 ugly things
  A harpy (shapeshifter) (D:15)
  2 fire giant zombies
  9 cyclopes
  8 orc sorcerers
  67 deep elf magi
  A shining eye (Slime:2)
  3 elephants (Lair:2)
  A tengu skeleton (Depths:3)
  16 fauns
  2 shadow dragon skeletons
  6 salamanders
  2 iron dragon skeletons (Crypt:1)
  20 moths of wrath
  11 manticores
  2 dire elephant zombies
  3 frost giant skeletons
  8 vault sentinels
  A shock serpent zombie (Crypt:3)
  2 guardian serpents (shapeshifter)
  A smoke demon (D:10)
  An orange demon (Depths:4)
  2 guardian serpents
  5 merfolk sirens
  Psyche (D:9)
  A jumping spider (Crypt:3)
  12 spiny frogs
  6 water nymphs
  A titan simulacrum (Vaults:3)
  A black mamba (shapeshifter) (Vaults:3)
  36 black mambas
  An emperor scorpion zombie (Crypt:3)
  A hellion (Zot:1)
  4 gargoyles
  A dire elephant skeleton (Crypt:3)
  A yaktaur zombie (Depths:1)
  An eye of devastation (Slime:5)
  A komodo dragon (shapeshifter) (Vaults:3)
  16 naga magi
  A kobold demonologist (D:14)
  3 efreet
  2 ice devils
  3 hellwings (Crypt:3)
  20 yaktaurs
  6 komodo dragons
  24 merfolk
  16 freezing wraiths
  A red devil (Depths:1)
  A queen bee (shapeshifter) (D:14)
  A jumping spider (shapeshifter) (Depths:4)
  A queen bee (Lair:1)
  12 trolls
  3 meliai (D:13)
  10 hornets
  Prince Ribbit (D:7)
  8 polar bears
  7 wind drakes
  2 hydra skeletons
  21 blink frogs
  11 dream sheep
  Grinder (D:6)
  A bog body (Crypt:2)
  73 slime creatures
  11 snapping turtles
  The ghost of Doomgape the Slinger, an amateur HaHu (D:4)
  14 hippogriffs
  A fire dragon zombie (Crypt:3)
  A fire giant simulacrum (Depths:1)
  A frost giant simulacrum (Vaults:1)
  An ettin zombie (Crypt:3)
  2 ettin skeletons (Crypt:3)
  A shadow (D:11)
  A ynoxinul (Depths:5)
  6 air elementals
  A flying skull (Crypt:2)
  A tarantella (Vaults:2)
  15 wraiths
  18 water elementals
  4 redbacks (Vaults:2)
  Eustachio (D:6)
  An elf simulacrum (Depths:3)
  6 fire elementals
  8 spriggans
  5 wyverns
  34 yaks
  3 vampires
  A basilisk (shapeshifter) (Depths:1)
  A golden eye (Slime:4)
  3 basilisks
  11 vampire mosquitoes
  A spriggan simulacrum (Depths:2)
  6 wargs
  62 nagas
  10 water moccasins
  9 porcupines
  An acid dragon (D:14)
  A floating eye (Slime:5)
  58 orc warriors
  An ettin simulacrum (Depths:1)
  3 ice beasts
  An eye of draining (shapeshifter) (Depths:3)
  4 black bears
  A phantom (D:5)
  7 sky beasts
  A spiny frog skeleton (Crypt:3)
  24 boggarts
  A hornet zombie (D:13)
  6 necrophages
  24 ogres
  26 wolves
  2 eyes of draining
  17 centaurs
  9 crocodiles
  5 big kobolds (D:14)
  Blork the orc (D:4)
  16 bullfrogs
  A glowing shapeshifter simulacrum (Vaults:2)
  A cyclops skeleton (Crypt:2)
  7 wyvern skeletons
  9 scorpions
  26 wights
  29 killer bees
  2 spriggan skeletons
  6 howler monkeys
  8 crimson imps
  4 bullfrog zombies
  6 centaur zombies
  7 quasits
  2 jellies
  Crazy Yiuf (D:5)
  5 centaur skeletons
  12 hounds
  26 orc priests
  A human zombie (Crypt:3)
  26 orc wizards
  3 bullfrog skeletons
  4 iguanas
  Ijyb (D:5)
  10 worker ants
  Terence (D:3)
  An ogre zombie (Crypt:2)
  2 hound zombies
  A hound skeleton (D:5)
  3 mummies
  A howler monkey zombie (D:9)
  14 adders
  3 gnolls
  3 howler monkey skeletons
  A steam dragon zombie (Crypt:1)
  5 shadow imps
  2 white imps
  An ufetubus (Depths:5)
  5 oozes
  An iguana zombie (Crypt:1)
  An adder skeleton (D:6)
  4 adder zombies
  A halfling skeleton (Crypt:2)
  7 worms
  5 leopard geckos
  118 orcs
  3 ball pythons
  17 bats
  A bat skeleton (Crypt:2)
  12 giant cockroaches
  8 goblins
  13 hobgoblins
  16 jackals
  13 kobolds
  A quokka (D:9)
  5 frilled lizards
  A gnoll skeleton (Crypt:2)
  A jackal skeleton (D:4)
  3 leopard gecko skeletons
  A quokka skeleton (D:5)
  11 rats
  A crawling corpse (Crypt:2)
  A fungus (D:5)
  8 plants (Shoals:3)
  A withered plant (Crypt:3)
2060 creatures vanquished.

Vanquished Creatures (collateral kills)
  3 orbs of fire
  6 ancient liches
  Saint Roka (Elf:2)
  3 Killer Klowns
  2 curse toes
  3 golden dragons
  Jory (Depths:4)
  2 electric golems (Zot:5)
  4 liches
  Rupert (D:13)
  16 tentacled monstrosities
  21 Orb Guardians
  2 titans
  7 quicksilver dragons
  A sphinx (Depths:3)
  The ghost of Tramtrist the Covert, an adept HuBe of Trog (Elf:1)
  14 acid blobs
  An Executioner (Zot:5)
  3 ancient champions (Crypt:1)
  13 shadow dragons
  5 death cobs
  7 storm dragons
  5 draconian monks
  Ilsuiw (Shoals:4)
  11 fire giants
  12 nagarajas (Snake:4)
  3 azure jellies
  3 frost giants
  4 deep elf sorcerers
  2 draconian scorchers
  A vault warden (Vaults:2)
  3 draconian shifters
  3 draconian knights
  A draconian annihilator (Zot:3)
  2 spriggan defenders
  A ghost moth (Zot:5)
  2 ghouls
  4 ironheart preservers
  An angel (Depths:1)
  2 curse skulls
  2 draconian stormcallers
  4 reapers
  3 vampire knights
  An entropy weaver (Vaults:3)
  12 very ugly things
  7 stone giants
  7 deep elf annihilators
  12 purple draconians
  8 yellow draconians
  3 green draconians
  A lorocyproca (Zot:5)
  6 black draconians
  4 deep elf demonologists
  A spark wasp (Depths:4)
  4 red draconians
  8 white draconians
  4 merfolk javelineers
  8 deep elf death magi
  3 green deaths
  3 ettins
  8 eidola
  A mummy priest (Crypt:3)
  3 jiangshi
  3 death oozes (Slime:5)
  2 deep elf high priests (Elf:3)
  5 fire dragons
  3 great orbs of eyes
  3 ice dragons
  A hell beast (Depths:3)
  6 spriggan air magi
  5 death knights
  An anaconda (Snake:2)
  A centaur warrior (Depths:3)
  A merfolk aquamancer (Shoals:3)
  10 dancing weapons (Elf:2)
  8 naga warriors
  6 ogre magi
  6 deep troll shamans
  15 two-headed ogres
  A vampire mage (Crypt:2)
  10 naga sharpshooters
  2 tengu warriors (D:15)
  2 orc high priests
  A spriggan berserker (Depths:5)
  A titan zombie (Depths:2)
  12 deep elf knights
  5 deep troll earth magi
  5 soul eaters
  Sonja (D:13)
  4 iron trolls
  A hell knight (Depths:5)
  A storm dragon zombie (Crypt:3)
  6 skeletal warriors
  A shadow wraith (Vaults:3)
  13 deep trolls
  A gelid demonspawn (D:10)
  10 flayed ghosts
  A torturous demonspawn (Depths:1)
  2 wizards
  2 infernal demonspawn (D:10)
  9 deep elf archers
  A glowing orange brain (Depths:3)
  An ironbrand convoker (Vaults:2)
  2 naga ritualists (Snake:2)
  7 phantasmal warriors
  4 mana vipers
  2 harpies (Shoals:1)
  3 necromancers (Crypt:3)
  6 salamanders
  23 deep elf magi
  5 orc knights
  4 wolf spiders (Crypt:3)
  7 ugly things
  2 fauns
  A manticore (Shoals:4)
  6 shining eyes
  15 moths of wrath
  2 merfolk sirens
  A fire giant skeleton (Depths:2)
  A vault sentinel (Vaults:3)
  2 black mambas
  A centaur zombie (D:15)
  4 rust devils
  9 naga magi
  An orange demon (Depths:3)
  A spiny frog (shapeshifter) (Depths:3)
  4 eyes of devastation
  10 guardian serpents
  21 yaktaurs
  A hellion (Zot:1)
  A tormentor (D:10)
  5 freezing wraiths
  7 hellwings (Crypt:3)
  3 jumping spiders (Crypt:3)
  A meliai (shapeshifter) (Depths:3)
  2 tengu conjurers
  2 merfolk (Shoals:4)
  32 slime creatures
  An alligator zombie (Crypt:3)
  2 bog bodies (Crypt:2)
  A snapping turtle (Shoals:4)
  6 redbacks
  An ettin skeleton (Crypt:3)
  10 air elementals
  8 flying skulls (Crypt:2)
  3 water elementals
  3 large abominations (Zot:5)
  A shadow (Crypt:1)
  A yak (shapeshifter) (Depths:2)
  2 spriggans (Depths:1)
  6 wraiths
  6 golden eyes
  2 chaos spawn
  A spatial vortex (Depths:5)
  2 neqoxecs
  14 nagas
  2 floating eyes
  A snapping turtle zombie (Crypt:2)
  A necrophage (Crypt:2)
  An infernal demonspawn skeleton (Crypt:1)
  17 orc warriors
  A black bear (Lair:6)
  6 ogres
  6 boggarts
  A tengu (shapeshifter) (Depths:3)
  An eye of draining (Slime:1)
  4 centaurs (Depths:2)
  A swamp dragon skeleton (Crypt:3)
  A wyvern skeleton (Crypt:3)
  8 wights
  A crimson imp (Depths:5)
  2 orc wizards
  3 orc priests
  A mummy (Crypt:3)
  A gnoll (D:9)
  A white imp (Depths:5)
  An ufetubus (Depths:4)
  A leopard gecko (D:4)
  18 orcs
  A frilled lizard zombie (Crypt:1)
  An orc zombie (Crypt:3)
  A crawling corpse (Crypt:2)
  A withered plant (Crypt:3)
812 creatures vanquished.

Vanquished Creatures (others)
  An orb of fire (Zot:5)
  An Orb Guardian (Zot:5)
  A sphinx (Vaults:3)
  27 eldritch tentacles
  An azure jelly (Slime:5)
  A storm dragon (Zot:1)
  A frost giant (Depths:3)
  A draconian stormcaller (Zot:4)
  A very ugly thing (Depths:3)
  An ironheart preserver (Vaults:3)
  A draconian annihilator (Zot:4)
  2 green draconians (Zot:2)
  A purple draconian (Zot:4)
  A yellow draconian (Zot:2)
  An eidolon (Crypt:3)
  2 merfolk javelineers
  A deep elf death mage (Elf:3)
  A vault guard (Vaults:3)
  A merfolk avatar (Shoals:4)
  An ogre mage (Vaults:2)
  6 two-headed ogres
  A slime creature (Vaults:1)
  A deep elf archer (Elf:2)
  3 necromancers
  An ironbrand convoker (Vaults:3)
  An orc knight (Vaults:2)
  A wolf spider (Crypt:3)
  2 deep elf magi (Elf:2)
  A cyclops (Shoals:4)
  2 ugly things (Depths:3)
  A faun (Shoals:4)
  13 dancing weapons
  2 moths of wrath
  A water nymph (Shoals:3)
  5 yaktaurs
  2 polar bears (IceCv)
  A yak (IceCv)
  8 water elementals
  A large abomination (Depths:1)
  A hell hound (Zot:5)
  4 orc warriors
  An orc priest (Orc:2)
  A shadow imp (Depths:5)
  5 orcs
  A kobold (D:14)
  A leopard gecko zombie (D:5)
  2 butterflies (D:14)
  4 fungi
  19 plants
  20 withered plants
160 creatures vanquished.

Grand Total: 3032 creatures vanquished

Notes
Turn   | Place    | Note
-------+----------+-------------------------------------------
     0 | D:1      | dstrtn the Vampire Enchanter began the quest for the Orb.
     0 | D:1      | Reached XP level 1. HP: 13/13 MP: 3/3
   277 | D:1      | Reached XP level 2. HP: 19/19 MP: 5/5
   282 | D:1      | Learned a level 2 spell: Ensorcelled Hibernation
   524 | D:1      | Gained mutation: Armour fits poorly on your strangely shaped body. [potion of mutation]
   524 | D:1      | Gained mutation: You are partially covered in slimy green scales. (AC +2) [potion of mutation]
   524 | D:1      | Gained mutation: Your flesh is cold resistant. (rC+) [potion of mutation]
   524 | D:1      | Gained mutation: You have large cloven feet. [potion of mutation]
   661 | D:1      | Reached skill level 1 in Ice Magic
   980 | D:1      | Reached XP level 3. HP: 24/24 MP: 2/7
  1046 | D:1      | Learned a level 3 spell: Confuse
  1281 | D:2      | Reached skill level 5 in Stealth
  1740 | D:2      | Reached XP level 4. HP: 16/30 MP: 8/8
  2386 | D:3      | Found a blossoming altar of Fedhas.
  2407 | D:3      | Noticed Kingsmith's ghost (amateur GrFi)
  2408 | D:3      | Learned a level 2 spell: Slow
  2415 | D:3      | Reached skill level 5 in Hexes
  2615 | D:3      | Reached XP level 5. HP: 35/35 MP: 9/9
  2668 | D:3      | Noticed Terence
  2685 | D:3      | Killed Terence
  3193 | D:4      | Found a staircase to the Ecumenical Temple.
  3201 | Temple   | Entered the Ecumenical Temple
  3249 | Temple   | Became a worshipper of Ru the Awakened
  3269 | D:4      | Noticed an ogre
  3276 | D:4      | Reached skill level 6 in Hexes
  3307 | D:4      | Killed an ogre
  3307 | D:4      | Reached XP level 6. HP: 41/41 MP: 4/10
  3431 | D:4      | Found a sparkling altar of Nemelex Xobeh.
  3517 | D:4      | Learned a level 2 spell: Blink
  3575 | D:4      | Found a glowing drain.
  3591 | Sewer    | Entered a sewer
  3930 | Sewer    | Reached skill level 1 in Fighting
  4114 | D:4      | Noticed Doomgape's ghost (amateur HaHu)
  4229 | D:4      | Killed Doomgape's ghost
  4229 | D:4      | Reached skill level 7 in Hexes
  4229 | D:4      | Reached skill level 1 in Translocations
  4229 | D:4      | Reached XP level 7. HP: 48/48 MP: 2/11
  4742 | D:5      | Entered Level 5 of the Dungeon
  4742 | D:5      | Noticed Ijyb
  4764 | D:5      | Found Xoocikh's Gadget Shop.
  4770 | D:5      | Found a shimmering altar of Xom.
  4772 | D:5      | Noticed Blork the orc
  4772 | D:5      | Noticed an angel
  4785 | D:4      | Gained mutation: You cannot study or cast Poison magic. [Ru sacrifice]
  4785 | D:4      | Gained mutation: You cannot study or cast Transmutations magic. [Ru sacrifice]
  4785 | D:4      | Gained mutation: You cannot study or cast Conjurations magic. [Ru sacrifice]
  4785 | D:4      | Reached * piety under Ru
  4982 | D:4      | Killed Blork the orc
  5103 | D:4      | Reached skill level 8 in Hexes
  5270 | D:4      | Reached XP level 8. HP: 46/54 MP: 8/12
  5410 | D:4      | Reached skill level 5 in Short Blades
  5518 | D:5      | Killed Ijyb
  5525 | D:5      | Found a glowing golden altar of the Shining One.
  5692 | D:4      | Learned a level 3 spell: Tukima's Dance
  5811 | D:5      | Found a burning altar of Makhleb.
  5835 | D:5      | Found a glowing silver altar of Zin.
  6041 | D:6      | Noticed AGinkyLinky's ghost (novice MiBe)
  6075 | D:6      | Noticed Grinder
  6122 | D:6      | Reached skill level 9 in Hexes
  6162 | D:6      | Killed Grinder
  6162 | D:6      | Reached skill level 10 in Stealth
  6353 | D:6      | Noticed Eustachio
  6609 | D:6      | Found an opulent altar of Gozag.
  6655 | D:6      | Found Ropt's General Store.
  6668 | D:6      | Bought a potion of invisibility for 88 gold pieces
  6790 | D:5      | Found a runed door.
  6868 | D:5      | Noticed Crazy Yiuf
  6872 | D:5      | Killed Crazy Yiuf
  7388 | D:6      | Found a blossoming altar of Fedhas.
  7393 | D:6      | Found a hazy altar of Hepliaklqana.
  7462 | D:6      | Killed Eustachio
  7462 | D:6      | Reached XP level 9. HP: 61/61 MP: 3/15
  7502 | D:6      | Killed AGinkyLinky's ghost
  7502 | D:6      | Reached skill level 10 in Hexes
  7663 | D:7      | Noticed Prince Ribbit
  7678 | D:7      | Killed Prince Ribbit
  7731 | D:7      | Found Meiggot's Armour Boutique.
  7752 | D:7      | Bought a +2 pair of boots of running for 456 gold pieces
  8195 | D:7      | Found a deep blue altar of Sif Muna.
  8265 | D:8      | Found a hide-covered altar of Uskayaw.
  8571 | D:8      | Gained mutation: You cannot study or use magical devices. [Ru sacrifice]
  8571 | D:8      | Reached ** piety under Ru
  8571 | D:8      | Reached *** piety under Ru
  8580 | D:8      | Reached skill level 11 in Hexes
  8885 | D:8      | Found a shattered altar of Ashenzari.
  8992 | D:8      | Reached XP level 10. HP: 71/71 MP: 16/16
  9386 | D:9      | Noticed Erolcha
  9398 | D:8      | Killed Erolcha
  9672 | D:9      | Found an ancient bone altar of Kikubaaqudgha.
 10009 | D:9      | Reached skill level 12 in Hexes
 10216 | D:9      | Noticed Psyche
 10295 | D:9      | Found a shadowy altar of Dithmenos.
 10500 | D:9      | Found a staircase to the Orcish Mines.
 10678 | D:10     | Entered Level 10 of the Dungeon
 10678 | D:10     | Noticed a cyclops
 10746 | D:10     | Found a staircase to the Lair.
 10803 | D:9      | Gained mutation: You are missing a hand. [Ru sacrifice]
 10803 | D:9      | Reached **** piety under Ru
 10803 | D:9      | Reached ***** piety under Ru
 11014 | D:10     | Noticed an unseen horror
 11069 | D:10     | Reached skill level 5 in Fighting
 11261 | D:10     | Reached skill level 13 in Hexes
 11333 | D:10     | Killed a cyclops
 11475 | D:10     | Killed an unseen horror
 11475 | D:10     | Reached XP level 11. HP: 80/80 MP: 14/17
 11531 | Lair:1   | Entered Level 1 of the Lair of Beasts
 11636 | Lair:1   | Found a labyrinth entrance.
 11755 | Lair:1   | Reached skill level 14 in Hexes
 11815 | Lair:1   | Noticed Fannar
 11824 | Lair:1   | Killed Fannar
 12553 | Lair:2   | Reached skill level 15 in Hexes
 12680 | Lair:2   | Found a staircase to the Snake Pit.
 12818 | Lair:2   | Found a frozen archway.
 12827 | IceCv    | Entered an ice cave
 13269 | Lair:3   | Reached XP level 12. HP: 89/89 MP: 15/18
 13317 | Lair:3   | Learned a level 6 spell: Invisibility
 13830 | Lair:4   | Found a staircase to the Shoals.
 13894 | Lair:4   | Reached skill level 15 in Stealth
 13897 | Lair:4   | Reached skill level 16 in Hexes
 13898 | Lair:4   | Reached skill level 5 in Spellcasting
 14197 | Lair:4   | Reached skill level 10 in Short Blades
 14229 | Lair:4   | Noticed Harold
 14633 | Lair:5   | Found a staircase to the Slime Pits.
 14633 | Lair:5   | Found a viscous altar of Jiyva.
 14693 | Lair:5   | Noticed a six-headed hydra
 15044 | Lair:6   | Entered Level 6 of the Lair of Beasts
 15055 | Lair:6   | Reached skill level 5 in Dodging
 15516 | Lair:6   | Learned a level 6 spell: Darkness
 15960 | Lair:6   | Reached XP level 13. HP: 96/96 MP: 15/24
 17023 | Lair:6   | Reached skill level 10 in Dodging
 17884 | Lair:4   | Killed Harold
 18096 | D:11     | Noticed Erica
 18111 | D:11     | Killed Erica
 18245 | D:11     | Gained mutation: You are missing an eye, making it more difficult to aim. [Ru sacrifice]
 18245 | D:11     | Reached ****** piety under Ru
 18290 | D:11     | Learned a level 5 spell: Metabolic Englaciation
 18645 | D:12     | Found Tuewo's Magic Scroll Shoppe.
 18673 | D:12     | Bought 3 scrolls of identify for 66 gold pieces
 18673 | D:12     | Bought a scroll of fog for 22 gold pieces
 18673 | D:12     | Bought a scroll of teleportation for 33 gold pieces
 18676 | D:12     | Bought a scroll of identify for 22 gold pieces
 18676 | D:12     | Bought a scroll of identify for 22 gold pieces
 18676 | D:12     | Bought a scroll of identify for 22 gold pieces
 18678 | D:12     | Bought a scroll of enchant armour for 82 gold pieces
 19147 | D:12     | Found a shattered altar of Ashenzari.
 19288 | D:12     | Reached XP level 14. HP: 103/103 MP: 4/27
 19757 | D:13     | Noticed Sonja
 19762 | D:13     | Reached skill level 1 in Armour
 19762 | D:13     | Killed Sonja
 19794 | D:13     | Noticed Frances
 19959 | Orc:1    | Entered Level 1 of the Orcish Mines
 20102 | Orc:2    | Entered Level 2 of the Orcish Mines
 20242 | Orc:1    | Noticed Gastronok
 20247 | Orc:1    | Killed Gastronok
 21066 | Orc:1    | Noticed Urug
 21404 | Orc:2    | Found a staircase to the Elven Halls.
 21482 | Orc:2    | Noticed an orc warlord
 21878 | Orc:1    | Killed Urug
 22021 | Orc:2    | Killed an orc warlord
 22378 | Orc:2    | Found a roughly hewn altar of Beogh.
 22545 | Orc:2    | Noticed Nergalle
 23023 | Orc:2    | Killed Nergalle
 23242 | Orc:2    | Found Ymaulu Iroann's Book Shoppe.
 23294 | Orc:2    | Found Liokur's Antique Weapon Shoppe.
 23346 | Orc:2    | Found Qeqep's General Store.
 23362 | Orc:2    | Found Xibuh's Antique Armour Shoppe.
 23580 | Orc:2    | Bought a book of Enchantments for 700 gold pieces
 23698 | D:9      | Killed Psyche
 24182 | D:13     | Reached XP level 15. HP: 102/108 MP: 10/28
 24444 | D:13     | Noticed Rupert
 24695 | D:13     | Killed Rupert
 24706 | D:13     | Found a gate to the Vaults.
 24963 | D:13     | Killed Frances
 25908 | D:14     | Reached skill level 17 in Hexes
 26428 | D:14     | Found a portal to a secret trove of treasure.
 26436 | D:14     | Got a shimmering leather armour
 26447 | D:14     | Identified the +6 leather armour of Loss {+Blink rPois MR+} (You found it on level 14 of the Dungeon)
 26944 | D:15     | Entered Level 15 of the Dungeon
 27233 | D:15     | Noticed Agnes
 27275 | D:15     | Killed Agnes
 27302 | D:15     | Noticed Josephine
 27311 | D:15     | Killed Josephine
 27331 | D:15     | Found Xopiach's Quality Used Wands.
 27658 | D:15     | Noticed a frost giant
 27832 | D:15     | Killed a frost giant
 27947 | D:15     | Reached skill level 15 in Dodging
 27966 | D:15     | Found a staircase to the Depths.
 28371 | D:15     | Reached XP level 16. HP: 120/120 MP: 20/29
 28649 | Snake:1  | Entered Level 1 of the Snake Pit
 28883 | Shoals:1 | Entered Level 1 of the Shoals
 28959 | Shoals:1 | Reached skill level 10 in Spellcasting
 29587 | Shoals:2 | Found Runtoche's Distillery.
 29597 | Shoals:2 | Bought a potion of haste for 170 gold pieces
 29980 | Shoals:2 | Reached skill level 18 in Hexes
 30644 | Shoals:3 | Reached skill level 19 in Hexes
 31258 | Orc:2    | Bought a book of Dreams for 1050 gold pieces
 31265 | Orc:2    | Learned a level 6 spell: Shadow Creatures
 31741 | Shoals:3 | Reached skill level 1 in Summonings
 31846 | Shoals:4 | Entered Level 4 of the Shoals
 32509 | Shoals:3 | Reached skill level 5 in Summonings
 32990 | Shoals:3 | Gained mutation: You are dopey. (Int -2) [mutagenic glow]
 33788 | Shoals:4 | Reached XP level 17. HP: 122/125 MP: 22/31
 34206 | Shoals:3 | Noticed a kraken
 34479 | Shoals:3 | Gained mutation: Your magical capacity is low. (-10% MP) [mutagenic glow]
 34663 | Shoals:4 | Got a barnacled rune of Zot
 34791 | Shoals:3 | Noticed a titan
 35574 | Lair:2   | Reached skill level 10 in Summonings
 38932 | Snake:3  | Identified a scroll of acquirement
 39315 | D:12     | Bought a scroll of brand weapon for 220 gold pieces
 40254 | Snake:3  | Reached XP level 18. HP: 132/132 MP: 6/29
 41109 | Snake:4  | Entered Level 4 of the Snake Pit
 42125 | Snake:4  | Learned a level 1 spell: Apportation
 42659 | Snake:4  | Reached skill level 15 in Summonings
 45995 | Snake:4  | Got a serpentine rune of Zot
 46073 | Snake:4  | Noticed Bai Suzhen
 46383 | Vaults:1 | Entered Level 1 of the Vaults
 46612 | Vaults:1 | Learned a level 8 spell: Discord
 46752 | Vaults:1 | Found Redob's Weapon Emporium.
 46752 | Vaults:1 | Found Bukkypp's Assorted Antiques.
 46758 | Vaults:1 | Bought a dented silver amulet for 95 gold pieces
 46758 | Vaults:1 | Bought a large brass ring for 95 gold pieces
 46797 | Vaults:1 | Reached skill level 20 in Hexes
 47450 | Vaults:1 | Found Ocruminu's Distillery.
 47913 | Vaults:1 | Paralysed by an orc sorcerer for 7 turns
 48075 | Vaults:1 | Reached skill level 21 in Hexes
 48092 | Vaults:1 | Reached XP level 19. HP: 140/140 MP: 31/31
 48105 | Vaults:1 | Found Idageihu's Antique Armour Shop.
 49167 | Vaults:2 | Reached skill level 22 in Hexes
 49544 | Vaults:2 | Reached skill level 10 in Fighting
 49793 | Vaults:2 | Identified the +8 chain mail "Ewanill" {+Fly Str-4 Int+3 Dex+4} (You found it on level 2 of the Vaults)
 50663 | Vaults:2 | Noticed Asterion
 50668 | Vaults:2 | Killed Asterion
 50669 | Vaults:2 | Found a blossoming altar of Fedhas.
 50753 | Vaults:3 | Found Quraqomasa's Jewellery Shoppe.
 52812 | Vaults:3 | Reached skill level 23 in Hexes
 52828 | Vaults:3 | Found a staircase to the Crypt.
 52854 | Vaults:3 | Reached XP level 20. HP: 150/150 MP: 19/31
 53128 | Crypt:1  | Entered Level 1 of the Crypt
 55631 | Orc:2    | Bought a scroll of brand weapon for 280 gold pieces
 55873 | Shoals:2 | Bought 2 potions of haste for 340 gold pieces
 56706 | Shoals:4 | Noticed Ilsuiw
 56725 | Shoals:4 | Killed Ilsuiw
 57247 | Elf:1    | Entered Level 1 of the Elven Halls
 57425 | Elf:1    | Reached skill level 5 in Armour
 57470 | Elf:1    | Identified the Catalogue of Congealing Flight
 57692 | Elf:1    | Noticed Tramtrist's ghost (adept HuBe)
 57719 | Elf:1    | Killed Tramtrist's ghost
 57930 | Elf:1    | Identified Xauclaoc's Disquisition on the Escort
 59105 | Elf:2    | Learned a level 7 spell: Summon Hydra
 59168 | Elf:2    | Found a runed gate.
 59235 | Elf:2    | Found a runed gate.
 59238 | Elf:2    | Found a runed gate.
 59648 | Elf:2    | Noticed Saint Roka
 60517 | Elf:2    | Killed Saint Roka
 60517 | Elf:2    | Reached XP level 21. HP: 125/157 MP: 3/33
 61394 | Elf:2    | Noticed Nikola
 61506 | Elf:3    | Entered Level 3 of the Elven Halls
 61870 | Elf:3    | Found Xocuxec's Gadget Boutique.
 62209 | Elf:3    | Noticed Donald
 62214 | Elf:3    | Killed Donald
 63921 | Elf:3    | Got a pitted amethyst amulet
 64267 | Elf:3    | Identified Teckadgh's Incunabulum of Unstable Weightlessness
 64278 | Elf:3    | Identified the amulet of Generosity {Reflect Dex+3 Slay+2 SH+2} (You took it off a deep elf demonologist on level 3 of the Elven Halls)
 64671 | Depths:1 | Entered Level 1 of the Depths
 65014 | Depths:1 | Found a gateway to Hell.
 65170 | Depths:1 | Found a one-way gate leading to the halls of Pandemonium.
 65532 | Depths:1 | Found Asing's Food Emporium.
 65535 | Depths:1 | Found Aduvicse's Distillery.
 65535 | Depths:1 | Found Tytyotan's Antique Armour Shoppe.
 65539 | Depths:1 | Found Pyitorun's Jewellery Shoppe.
 65603 | Depths:1 | Found a burning altar of Makhleb.
 66060 | D:15     | Learned a level 4 spell: Summon Lightning Spire
 66248 | Depths:1 | Noticed the Enchantress
 66252 | Depths:1 | Killed the Enchantress
 66376 | Depths:1 | Identified the +2 faerie dragon scales {+Fly rCorr Str+4 Int+7} (You took it off the Enchantress on level 1 of the Depths)
 67937 | Depths:2 | Reached XP level 22. HP: 163/163 MP: 36/36
 67978 | Depths:2 | Reached skill level 15 in Spellcasting
 67989 | Depths:2 | Learned a level 3 spell: Ozocubu's Armour
 68113 | Depths:2 | Identified the +2 leather armour of the Dice {Dex+5} (You found it on level 2 of the Depths)
 68431 | Depths:2 | Noticed a golden dragon
 68441 | Depths:2 | Killed a golden dragon
 69049 | Depths:3 | Noticed Aizul
 69054 | Depths:3 | Killed Aizul
 69055 | Depths:3 | Found a one-way gate to the infinite horrors of the Abyss.
 69089 | Depths:3 | Found a snail-covered altar of Cheibriados.
 69547 | Depths:3 | Reached skill level 24 in Hexes
 70380 | Depths:3 | Identified the Grimoire of Attacks and the Volcanoes
 70789 | Orc:2    | Bought a manual of Dodging for 1545 gold pieces
 71462 | Crypt:2  | Noticed Xtahua
 71481 | Crypt:2  | Killed Xtahua
 72338 | Crypt:3  | Entered Level 3 of the Crypt
 73145 | Crypt:3  | Found a staircase to the Tomb.
 73540 | Crypt:3  | Reached XP level 23. HP: 173/173 MP: 22/37
 73994 | Crypt:3  | Found an ancient bone altar of Kikubaaqudgha.
 74684 | Crypt:3  | Noticed an ancient lich
 74701 | Crypt:3  | Killed an ancient lich
 74711 | Crypt:3  | Identified Kacwigge's Disquisition on Spatial Feathers
 74864 | Crypt:3  | Identified the amulet of Xom's Recklessness {rPois Regen+ Str+8 Dex-5} (You found it on level 3 of the Crypt)
 75663 | Depths:4 | Noticed Jorgrun
 75677 | Depths:4 | Reached skill level 1 in Air Magic
 75680 | Depths:4 | Killed Jorgrun
 75682 | Depths:4 | Gained mutation: Your magical capacity is very low. (-20% MP) [a neqoxec]
 76199 | Depths:4 | Noticed Jory
 76287 | Depths:4 | Killed Jory
 76483 | Depths:4 | Reached skill level 5 in Air Magic
 76747 | Depths:4 | Found a gateway to a ziggurat.
 76833 | Depths:4 | Noticed a caustic shrike
 76841 | Depths:4 | Noticed a caustic shrike
 77562 | Slime:1  | Entered Level 1 of the Pits of Slime
 78829 | Slime:5  | Entered Level 5 of the Pits of Slime
 79540 | Slime:5  | Noticed the Royal Jelly
 80281 | Slime:5  | Found a viscous altar of Jiyva.
 80597 | Slime:5  | Killed the Royal Jelly
 80892 | Slime:4  | Reached skill level 10 in Armour
 81053 | Slime:5  | Identified the cursed +0 chain mail of Wischoum {rPois} (You found it on level 5 of the Pits of Slime)
 81090 | Slime:5  | Got a slimy rune of Zot
 81091 | Slime:5  | Identified Sif Muna's Disquisition on the Unholy Arsonist
 81134 | Slime:5  | Identified Sif Muna's Papyrus of Augmentations and Combat Magic
 81165 | Slime:5  | Identified the +6 chain mail "Itzajuby" {-Tele rN++ Regen+ Str+4} (You found it on level 5 of the Pits of Slime)
 81654 | Depths:5 | Entered Level 5 of the Depths
 82150 | Depths:4 | Reached XP level 24. HP: 182/182 MP: 20/33
 82659 | Depths:5 | Found a gate to the Realm of Zot.
 83868 | Depths:5 | Reached skill level 5 in Translocations
 84415 | Zot:1    | Entered Level 1 of the Realm of Zot
 84802 | Zot:1    | Noticed an orb of fire
 84819 | Zot:1    | Killed an orb of fire
 85494 | Zot:1    | Learned a level 7 spell: Malign Gateway
 85788 | Depths:1 | Bought a potion of cancellation for 168 gold pieces
 85788 | Depths:1 | Bought a potion of cancellation for 168 gold pieces
 85788 | Depths:1 | Bought a potion of haste for 210 gold pieces
 85788 | Depths:1 | Bought a potion of might for 84 gold pieces
 85788 | Depths:1 | Bought a potion of brilliance for 84 gold pieces
 86018 | Vaults:1 | Bought 2 potions of resistance for 260 gold pieces
 86018 | Vaults:1 | Bought a potion of flight for 39 gold pieces
 86018 | Vaults:1 | Bought a potion of curing for 39 gold pieces
 86018 | Vaults:1 | Bought a potion of might for 52 gold pieces
 86018 | Vaults:1 | Bought a potion of curing for 39 gold pieces
 86018 | Vaults:1 | Bought a potion of curing for 39 gold pieces
 86018 | Vaults:1 | Bought a potion of flight for 39 gold pieces
 86018 | Vaults:1 | Bought a potion of flight for 39 gold pieces
 86018 | Vaults:1 | Bought a potion of cancellation for 104 gold pieces
 86018 | Vaults:1 | Bought a potion of invisibility for 104 gold pieces
 86018 | Vaults:1 | Bought a potion of heal wounds for 65 gold pieces
 86094 | Vaults:1 | Bought a scroll of amnesia for 66 gold pieces
 86094 | Vaults:1 | Bought a potion of agility for 76 gold pieces
 86094 | Vaults:1 | Bought a potion of curing for 57 gold pieces
 89110 | Zot:3    | Reached skill level 10 in Translocations
 90046 | Zot:4    | Reached XP level 25. HP: 155/188 MP: 19/34
 90682 | Zot:4    | Identified the +1 ring mail of the Orcish Mines {+Fly rElec Int-4 Stlth+} (You found it on level 4 of the Realm of Zot)
 92010 | Zot:5    | Entered Level 5 of the Realm of Zot
 92359 | Zot:5    | Noticed an ancient lich
 92383 | Zot:5    | Killed an ancient lich
 92499 | Zot:5    | Noticed an ancient lich
 92504 | Zot:5    | Noticed an orb of fire
 92507 | Zot:5    | Killed an ancient lich
 92508 | Zot:5    | Gained mutation: You occasionally shout uncontrollably at your foes. [an orb of fire]
 92514 | Zot:5    | Gained mutation: You tend to lose your temper in combat. [an orb of fire]
 92516 | Zot:5    | Gained mutation: You are very dopey. (Int -4) [an orb of fire]
 92526 | Zot:4    | Lost mutation: You are very dopey. (Int -4) [potion of mutation]
 92526 | Zot:4    | Lost mutation: Your flesh is cold resistant. (rC+) [potion of mutation]
 92526 | Zot:4    | Lost mutation: You are partially covered in slimy green scales. (AC +2) [potion of mutation]
 92526 | Zot:4    | Lost mutation: You are dopey. (Int -2) [potion of mutation]
 92526 | Zot:4    | Lost mutation: You tend to lose your temper in combat. [potion of mutation]
 92526 | Zot:4    | Lost mutation: You occasionally shout uncontrollably at your foes. [potion of mutation]
 92526 | Zot:4    | Gained mutation: You are resistant to hostile enchantments. (MR+) [potion of mutation]
 92526 | Zot:4    | Gained mutation: Your movements are slightly less encumbered by armour. (ER -2) [potion of mutation]
 92841 | Zot:4    | Learned a level 6 spell: Dispersal
 92948 | Zot:5    | Gained mutation: You expend magic power (3 MP) to strengthen your wands. [an orb of fire]
 92975 | Zot:5    | Reached skill level 15 in Fighting
 92979 | Zot:5    | Noticed an ancient lich
 93099 | Zot:5    | Killed an ancient lich
 93232 | Zot:5    | Noticed an ancient lich
 93233 | Zot:5    | Noticed an ancient lich
 93312 | Zot:4    | Killed an ancient lich
 93687 | Zot:5    | Killed an ancient lich
 93907 | Zot:5    | Noticed an ancient lich
 93908 | Zot:5    | Gained mutation: You are weak. (Str -2) [an orb of fire]
 93910 | Zot:5    | Gained mutation: You are clumsy. (Dex -2) [an orb of fire]
 93927 | Zot:5    | Killed an orb of fire
 94130 | Zot:5    | Noticed an orb of fire
 94136 | Zot:5    | Gained mutation: You are somewhat resistant to further mutation. [an orb of fire]
 94150 | Zot:5    | Killed an orb of fire
 94284 | Zot:5    | Noticed an ancient lich
 94298 | Zot:5    | Killed an ancient lich
 94447 | Zot:5    | Found Ynkuli's Changing Room.
 94455 | Zot:5    | Noticed an orb of fire
 94473 | Zot:5    | Killed an ancient lich
 94531 | Zot:5    | Killed an orb of fire
 94694 | Zot:5    | Killed an ancient lich
 95829 | Zot:5    | Reached XP level 26. HP: 208/208 MP: 8/35
 97107 | Zot:5    | Got the Orb of Zot
 97591 | Depths:1 | Noticed Luissu Jau the pandemonium lord
 97726 | D:12     | Noticed Muukk the pandemonium lord
 97854 | D:10     | Noticed Esoomus the pandemonium lord
 97956 | D:4      | Noticed Mitwauff the pandemonium lord
 98047 | D:$      | Escaped with the Orb!

Skill      XL: |  1  2  3  4  5  6  7  8  9 10 11 12 13 14 15 16 17 18 19 20 21 22 23 24 25 26 |
---------------+-------------------------------------------------------------------------------+-----
Ice Magic      | 1 2 |  2.0
Stealth        | 5 6 7 8 10 11 13 14 15 18 20 21 22 | 22.3
Hexes          | 5 6 7 8 9 11 13 15 16 17 19 21 23 24 | 24.0
Short Blades   | 2 3 4 6 8 9 10 | 10.0
Fighting       | 1 4 5 6 7 9 11 12 13 17 18 | 18.3
Translocations | 1 2 3 11 | 11.0
Spellcasting   | 4 7 9 10 11 12 14 15 16 17 | 17.0
Dodging        | 3 7 12 13 15 16 20 21 | 21.6
Armour         | 4 6 10 | 10.0
Summonings     | 7 13 15 17 18 | 18.0
Air Magic      | 5 |  5.0

Action                   |  1- 3 |  4- 6 |  7- 9 | 10-12 | 13-15 | 16-18 | 19-21 | 22-24 | 25-27 || total
-------------------------+-------+-------+-------+-------+-------+-------+-------+-------+-------++-------
Melee: Dagger            |   126 |   133 |   302 |   392 |  1116 |   776 |       |       |       ||  2845
       Bite              |     9 |     7 |    32 |    21 |   111 |   103 |   113 |   172 |    35 ||   603
       Kick              |    11 |    18 |    79 |       |       |       |       |       |       ||   108
       Quick blade       |       |       |       |       |       |   380 |  1348 |  1480 |   250 ||  3458
       Staff             |       |       |       |       |       |       |       |     5 |     1 ||     6
 Cast: Ensorcelled Hiber |    28 |    42 |    63 |   166 |   239 |   241 |   144 |     9 |       ||   932
       Confuse           |       |    21 |    50 |    32 |   277 |   204 |   217 |   210 |    41 ||  1052
       Slow              |       |     2 |     1 |     4 |     6 |       |     3 |       |       ||    16
       Tukima's Dance    |       |       |     1 |    13 |    44 |    54 |    28 |    15 |       ||   155
       Blink             |       |       |       |     1 |       |       |    12 |    18 |     5 ||    36
       Invisibility      |       |       |       |     2 |     9 |    12 |     4 |    14 |     6 ||    47
       Metabolic Englaci |       |       |       |       |     6 |     6 |       |       |       ||    12
       Darkness          |       |       |       |       |     1 |   197 |   232 |   165 |    58 ||   653
       Shadow Creatures  |       |       |       |       |       |   117 |   129 |   337 |   149 ||   732
       Discord           |       |       |       |       |       |       |    31 |    17 |     1 ||    49
       Summon Hydra      |       |       |       |       |       |       |    85 |    75 |    22 ||   182
       Summon Lightning  |       |       |       |       |       |       |     5 |    68 |    28 ||   101
       Ozocubu's Armour  |       |       |       |       |       |       |       |    38 |    14 ||    52
       Malign Gateway    |       |       |       |       |       |       |       |       |    29 ||    29
       Dispersal         |       |       |       |       |       |       |       |       |     1 ||     1
Invok: Sacrifice Arcana  |       |       |     1 |       |       |       |       |       |       ||     1
       Sacrifice Artific |       |       |     1 |       |       |       |       |       |       ||     1
       Sacrifice a Hand  |       |       |       |     1 |       |       |       |       |       ||     1
       Reject Sacrifices |       |       |       |     1 |       |       |       |       |       ||     1
       Sacrifice an Eye  |       |       |       |       |     1 |       |       |       |       ||     1
       Power Leap        |       |       |       |       |    14 |    32 |    12 |     8 |     1 ||    67
       Apocalypse        |       |       |       |       |     2 |     3 |     3 |     7 |     4 ||    19
       Draw Out Power    |       |       |       |       |     1 |     1 |       |     1 |       ||     3
 Abil: End Transformatio |       |     4 |     6 |       |       |       |       |       |       ||    10
       Bat Form          |       |     4 |     6 |       |       |       |       |       |       ||    10
  Use: Potion            |     5 |     9 |    19 |    10 |    21 |    49 |    36 |    54 |    51 ||   254
       Scroll            |     4 |     6 |     4 |    12 |    14 |    17 |     9 |    25 |    11 ||   102
 Stab: Sleeping          |    27 |    43 |    42 |   142 |   160 |   186 |   157 |    63 |     3 ||   823
       Confused          |       |     6 |    29 |    19 |   120 |    88 |   143 |   146 |    21 ||   572
       Distracted        |       |     1 |     1 |     3 |     7 |    19 |    24 |    30 |     3 ||    88
       Invisible         |       |       |       |     6 |    43 |    46 |    19 |    69 |    40 ||   223
       Paralysed         |       |       |       |     1 |    10 |     6 |     3 |    10 |     5 ||    35
Armor: Robe              |    54 |    38 |    76 |    52 |    82 |       |       |       |       ||   302
       Leather armour    |       |       |       |       |    44 |   169 |   177 |   153 |    52 ||   595
Dodge: Dodged            |   111 |    60 |   161 |   205 |   686 |   663 |   573 |   882 |   316 ||  3657
